TOP OF THE 1ST |
Glendale Herons batting - Pitching for Durham Rapiers : RHP Juan Díaz
|
Pitching: RHP Juan Díaz
|
|
Batting: RHB José Villegas
|
0-0: Ball 1-0: Ball 2-0: Ball 3-0: Called Strike 3-1: Base on Balls
|
Batting: LHB José Rodríguez
|
0-0: Foul Ball, location: 2F 0-1: Called Strike 0-2: Ball 1-2: Ball 2-2: Ball 3-2: Foul Ball, location: 2F 3-2: Grounds into double play, 4-6-3 (Groundball, 4)
|
Batting: RHB Sake van Arem
|
0-0: Called Strike 0-1: Ball 1-1: Fly out, F9 (Flyball, 89M)
|
Top of the 1st over - 0 run(s), 0 hit(s), 0 error(s), 0 left on base; Glendale 0 - Durham 0 |
BOTTOM OF THE 1ST |
Durham Rapiers batting - Pitching for Glendale Herons : RHP Mike Barrett
|
Pitching: RHP Mike Barrett
|
|
Batting: RHB Esteban Garza
|
0-0: Ball 1-0: Ball 2-0: Fly out, F9 (Flyball, 9LM)
|
Batting: RHB Harrison Blackford
|
0-0: Ball 1-0: Ground out 1-3 (Groundball, 34S)
|
Batting: RHB Luis Tapia
|
0-0: Foul Ball, location: 2F 0-1: Ball 1-1: Swinging Strike 1-2: Foul Ball, location: 2F 1-2: Ball 2-2: Ball 3-2: Strikes out swinging
|
Bottom of the 1st over - 0 run(s), 0 hit(s), 0 error(s), 0 left on base; Glendale 0 - Durham 0 |
TOP OF THE 2ND |
Glendale Herons batting - Pitching for Durham Rapiers : RHP Juan Díaz
|
Batting: LHB Sixto Álvarez
|
0-0: Swinging Strike 0-1: Ball 1-1: Fly out, F8 (Flyball, 8RS)
|
Batting: RHB Héctor Moreno
|
0-0: Ground out 1-3 (Groundball, 13)
|
Batting: RHB José Masaferro
|
0-0: Ball 1-0: Called Strike 1-1: Ball 2-1: Fly out, F9 (Flyball, 9LM)
|
Top of the 2nd over - 0 run(s), 0 hit(s), 0 error(s), 0 left on base; Glendale 0 - Durham 0 |
BOTTOM OF THE 2ND |
Durham Rapiers batting - Pitching for Glendale Herons : RHP Mike Barrett
|
Batting: RHB Augusto Flores
|
0-0: Called Strike 0-1: Foul Ball, location: 2F 0-2: Ball 1-2: Ball 2-2: Strikes out swinging
|
Batting: SHB Dan Godwin
|
0-0: Called Strike 0-1: SINGLE (Flyball, 8LS)
|
Batting: RHB Caleb Lee
|
0-0: Called Strike Dan Godwin steals 2nd base 0-1: Ball 1-1: Foul Ball, location: 2F 1-2: Strikes out looking
|
Batting: LHB Adrián Franco
|
0-0: Swinging Strike 0-1: Ball 1-1: Ground out 4-3 (Groundball, 34)
|
Bottom of the 2nd over - 0 run(s), 1 hit(s), 0 error(s), 1 left on base; Glendale 0 - Durham 0 |
TOP OF THE 3RD |
Glendale Herons batting - Pitching for Durham Rapiers : RHP Juan Díaz
|
Batting: RHB Ángel Ruezga
|
0-0: Foul Ball, location: 2F 0-1: Foul Ball, location: 2F 0-2: Foul Ball, location: 2F 0-2: Foul Ball, location: 2F 0-2: Ball 1-2: Fly out, F3 (Popup, 3DF)
|
Batting: SHB Wilbert Carter
|
0-0: Ball 1-0: Swinging Strike 1-1: Foul Ball, location: 2F 1-2: Ball 2-2: Ball 3-2: Foul Ball, location: 2F 3-2: Strikes out swinging
|
Batting: LHB Travis Alexander
|
0-0: Ball 1-0: Foul Ball, location: 2F 1-1: Foul Ball, location: 2F 1-2: Ball 2-2: Fly out, F7 (Flyball, 7LS)
|
Top of the 3rd over - 0 run(s), 0 hit(s), 0 error(s), 0 left on base; Glendale 0 - Durham 0 |
BOTTOM OF THE 3RD |
Durham Rapiers batting - Pitching for Glendale Herons : RHP Mike Barrett
|
Batting: SHB Orlando López
|
0-0: Foul Ball, location: 2F 0-1: Ball 1-1: Called Strike 1-2: Ground out 6-3 (Groundball, 6M)
|
Batting: LHB Evan Nelson
|
0-0: SINGLE (Flyball, 7LS)
|
Batting: RHB Esteban Garza
|
0-0: Called Strike Evan Nelson steals 2nd base 0-1: SINGLE (Line Drive, 56D) Evan Nelson to third
|
Batting: RHB Harrison Blackford
|
0-0: Called Strike 0-1: Ball Esteban Garza steals 2nd base 1-1: Ball 2-1: SINGLE (Line Drive, 56) Evan Nelson scores Esteban Garza to third Runner from 3rd tries for Home, SAFE, no throw or cutoff
|
Batting: RHB Luis Tapia
|
0-0: Called Strike 0-1: Grounds into double play, 6-4-3 (Groundball, 6)
|
Bottom of the 3rd over - 2 run(s), 3 hit(s), 0 error(s), 0 left on base; Glendale 0 - Durham 2 |
TOP OF THE 4TH |
Glendale Herons batting - Pitching for Durham Rapiers : RHP Juan Díaz
|
Batting: RHB José Villegas
|
0-0: Called Strike 0-1: Foul Ball, location: 2F 0-2: Ball 1-2: Strikes out swinging
|
Batting: LHB José Rodríguez
|
0-0: Ball 1-0: Ground out 5-3 (Groundball, 56)
|
Batting: RHB Sake van Arem
|
0-0: Ball 1-0: SINGLE (Groundball, 56D)
|
Batting: LHB Sixto Álvarez
|
0-0: Called Strike Sake van Arem steals 2nd base 0-1: Ball 1-1: Ball 2-1: Swinging Strike Reached via error on a dropped throw, E3 Sake van Arem to third
|
Batting: RHB Héctor Moreno
|
0-0: SINGLE (Groundball, 4M) Sake van Arem scores Sixto Álvarez to second
|
Batting: RHB José Masaferro
|
0-0: Ball 1-0: Foul Ball, location: 2F 1-1: Foul Ball, location: 2F 1-2: Foul Ball, location: 2F 1-2: Fielders Choice at 2nd, 6-4 (Groundball, 56)
|
Top of the 4th over - 1 run(s), 2 hit(s), 1 error(s), 1 left on base; Glendale 1 - Durham 2 |
BOTTOM OF THE 4TH |
Durham Rapiers batting - Pitching for Glendale Herons : RHP Mike Barrett
|
Batting: RHB Augusto Flores
|
0-0: Called Strike 0-1: Ball 1-1: Foul Ball, location: 2F 1-2: Fly out, F5 (Line Drive, 5)
|
Batting: SHB Dan Godwin
|
0-0: Foul Ball, location: 2F 0-1: Ball 1-1: Fly out, F8 (Flyball, 8LM)
|
Batting: RHB Caleb Lee
|
0-0: Called Strike 0-1: Foul Ball, location: 2F 0-2: Foul Ball, location: 2F 0-2: Strikes out looking
|
Bottom of the 4th over - 0 run(s), 0 hit(s), 0 error(s), 0 left on base; Glendale 1 - Durham 2 |
TOP OF THE 5TH |
Glendale Herons batting - Pitching for Durham Rapiers : RHP Juan Díaz
|
Batting: RHB Ángel Ruezga
|
0-0: Ball 1-0: Called Strike 1-1: Called Strike 1-2: Foul Ball, location: 2F 1-2: Ball 2-2: Ball 3-2: Foul Ball, location: 2F 3-2: Reached on error, E6 (Groundball, 6M)
|
Batting: SHB Wilbert Carter
|
0-0: Bunt missed! 0-1: Bunt missed! 0-2: SINGLE (Line Drive, 4D) Ángel Ruezga to second
|
Batting: LHB Travis Alexander
|
0-0: Called Strike 0-1: Ball 1-1: Ball 2-1: Sac Bunt - play at first, batter OUT! 6-4 Ángel Ruezga to third Wilbert Carter to second
|
Batting: RHB José Villegas
|
0-0: Called Strike 0-1: Ball 1-1: Ball 2-1: SINGLE (Line Drive, 5D) Ángel Ruezga scores Wilbert Carter to third
|
Batting: LHB José Rodríguez
|
0-0: Ball 1-0: Fly out, F7 (Flyball, 78M) Runner from 3rd tags up, SCORES, no throw
|
Batting: RHB Sake van Arem
|
0-0: SINGLE (Groundball, 6D) José Villegas to second
|
Batting: LHB Sixto Álvarez
|
0-0: Called Strike 0-1: Foul Ball, location: 2F 0-2: SINGLE (Groundball, 34D) José Villegas to third Sake van Arem to second Runner from 3rd tries for Home, SAFE, no throw or cutoff
|
Batting: RHB Héctor Moreno
|
0-0: Ball 1-0: Ball 2-0: Ball Wild Pitch! Sake van Arem to third Sixto Álvarez to second 3-0: Base on Balls
|
Batting: RHB José Masaferro
|
0-0: Ball 1-0: Called Strike 1-1: Ball 2-1: Ball 3-1: Base on Balls Sake van Arem scores Sixto Álvarez to third Héctor Moreno to second
|
Batting: RHB Ángel Ruezga
|
0-0: Called Strike 0-1: Ball 1-1: Foul Ball, location: 2F 1-2: Strikes out swinging
|
Top of the 5th over - 4 run(s), 4 hit(s), 1 error(s), 3 left on base; Glendale 5 - Durham 2 |
BOTTOM OF THE 5TH |
Durham Rapiers batting - Pitching for Glendale Herons : RHP Mike Barrett
|
Batting: LHB Adrián Franco
|
0-0: Called Strike 0-1: Ball 1-1: Ball 2-1: Foul Ball, location: 2F 2-2: Strikes out swinging
|
Batting: SHB Orlando López
|
0-0: Ball 1-0: Ball 2-0: Ball 3-0: Base on Balls
|
Batting: LHB Evan Nelson
|
0-0: Ball 1-0: Called Strike Orlando López is caught stealing 2nd base 1-1: SINGLE (Line Drive, 78S)
|
Batting: RHB Esteban Garza
|
0-0: Ball Pickoff Throw to First - Out!
|
Bottom of the 5th over - 0 run(s), 1 hit(s), 0 error(s), 0 left on base; Glendale 5 - Durham 2 |
TOP OF THE 6TH |
Glendale Herons batting - Pitching for Durham Rapiers : RHP Juan Díaz
|
Batting: SHB Wilbert Carter
|
0-0: Ball 1-0: Called Strike 1-1: Foul Ball, location: 2F 1-2: Ball 2-2: Foul Ball, location: 2F 2-2: Ball 3-2: Base on Balls
|
Pitching: RHP Manuel Delgado
|
|
Batting: LHB Travis Alexander
|
0-0: Ball Wilbert Carter is caught stealing 2nd base 1-0: Ball 2-0: Foul Ball, location: 2F 2-1: Foul Ball, location: 2F 2-2: Fly out, F8 (Flyball, 8RM)
|
Batting: RHB José Villegas
|
0-0: Foul Ball, location: 2F 0-1: Called Strike 0-2: Strikes out looking
|
Top of the 6th over - 0 run(s), 0 hit(s), 0 error(s), 0 left on base; Glendale 5 - Durham 2 |
BOTTOM OF THE 6TH |
Durham Rapiers batting - Pitching for Glendale Herons : RHP Mike Barrett
|
Batting: RHB Esteban Garza
|
0-0: Foul Ball, location: 2F 0-1: Foul Ball, location: 2F 0-2: Ball 1-2: Fly out, F5 (Line Drive, 56)
|
Batting: RHB Harrison Blackford
|
0-0: Ball 1-0: Foul Ball, location: 2F 1-1: Called Strike 1-2: Ball 2-2: Fly out, F7 (Flyball, 78M)
|
Batting: RHB Luis Tapia
|
0-0: Ball 1-0: Called Strike 1-1: Called Strike 1-2: Foul Ball, location: 2F 1-2: Strikes out swinging
|
Bottom of the 6th over - 0 run(s), 0 hit(s), 0 error(s), 0 left on base; Glendale 5 - Durham 2 |
TOP OF THE 7TH |
Glendale Herons batting - Pitching for Durham Rapiers : RHP Manuel Delgado
|
Batting: LHB José Rodríguez
|
0-0: Ground out 4-3 (Groundball, 4M)
|
Batting: RHB Sake van Arem
|
0-0: Ball 1-0: Swinging Strike 1-1: Fly out, F4 (Line Drive, 34)
|
Batting: LHB Sixto Álvarez
|
0-0: Ball 1-0: Called Strike 1-1: Ball 2-1: Foul Ball, location: 2F 2-2: SINGLE (Line Drive, 6D)
|
Batting: RHB Héctor Moreno
|
0-0: Called Strike 0-1: Ball 1-1: Ball 2-1: Foul Ball, location: 2F 2-2: Foul Ball, location: 2F 2-2: 2-RUN HOME RUN (Flyball, 78XD), Distance : 412 ft
|
Batting: RHB José Masaferro
|
0-0: Foul Ball, location: 2F 0-1: Called Strike 0-2: Ball 1-2: Ball 2-2: Ball 3-2: Fly out, F4 (Popup, 8RS)
|
Top of the 7th over - 2 run(s), 2 hit(s), 0 error(s), 0 left on base; Glendale 7 - Durham 2 |
BOTTOM OF THE 7TH |
Durham Rapiers batting - Pitching for Glendale Herons : RHP Mike Barrett
|
Batting: RHB Augusto Flores
|
0-0: Ball 1-0: Ball 2-0: Fly out, F9 (Line Drive, 89S)
|
Batting: SHB Dan Godwin
|
0-0: Called Strike 0-1: Ground out 6-3 (Groundball, 6M)
|
Batting: RHB Caleb Lee
|
0-0: Ball 1-0: Called Strike 1-1: Fly out, F3 (Popup, 3)
|
Bottom of the 7th over - 0 run(s), 0 hit(s), 0 error(s), 0 left on base; Glendale 7 - Durham 2 |
TOP OF THE 8TH |
Glendale Herons batting - Pitching for Durham Rapiers : RHP Manuel Delgado
|
Batting: RHB Ángel Ruezga
|
0-0: Ball 1-0: Ball 2-0: Swinging Strike 2-1: Foul Ball, location: 2F 2-2: Ball 3-2: Base on Balls
|
Batting: SHB Wilbert Carter
|
0-0: Bunted foul 0-1: Bunt missed! 0-2: Foul Ball, location: 2F 0-2: Strikes out swinging
|
Batting: LHB Travis Alexander
|
0-0: Called Strike 0-1: SINGLE (Groundball, 4MD) Ángel Ruezga to second
|
Batting: RHB José Villegas
|
0-0: Ball 1-0: Called Strike 1-1: Ball 2-1: SINGLE (Groundball, 15) (infield hit) Ángel Ruezga to third Travis Alexander to second
|
Batting: LHB José Rodríguez
|
0-0: Hit by Pitch Ángel Ruezga scores Travis Alexander to third José Villegas to second
|
Pitching: RHP Timothy Jackson
|
|
Batting: RHB Sake van Arem
|
0-0: Ball 1-0: Called Strike 1-1: Ball 2-1: Fly out, F9 (Flyball, 9M)
|
Batting: LHB Sixto Álvarez
|
0-0: Ball 1-0: Called Strike 1-1: Fly out, F6 (Popup, 6MD)
|
Top of the 8th over - 1 run(s), 2 hit(s), 0 error(s), 3 left on base; Glendale 8 - Durham 2 |
BOTTOM OF THE 8TH |
Durham Rapiers batting - Pitching for Glendale Herons : RHP Mike Barrett
|
Batting: LHB Adrián Franco
|
0-0: Called Strike 0-1: SINGLE (Line Drive, 34)
|
Batting: SHB Orlando López
|
0-0: Ball 1-0: Ball 2-0: Foul Ball, location: 2F 2-1: Foul Ball, location: 2F 2-2: Grounds into double play, 4-6-3 (Groundball, 4)
|
Batting: LHB Evan Nelson
|
0-0: Called Strike 0-1: Ball 1-1: Fly out, F7 (Popup, 7LS)
|
Bottom of the 8th over - 0 run(s), 1 hit(s), 0 error(s), 0 left on base; Glendale 8 - Durham 2 |
TOP OF THE 9TH |
Glendale Herons batting - Pitching for Durham Rapiers : RHP Timothy Jackson
|
Batting: RHB Héctor Moreno
|
0-0: Called Strike 0-1: Ground out 6-3 (Groundball, 6)
|
Batting: RHB José Masaferro
|
0-0: Ball 1-0: Ball 2-0: Ground out 6-3 (Groundball, 6)
|
Batting: RHB Ángel Ruezga
|
0-0: Called Strike 0-1: Ball 1-1: Ball 2-1: Ball 3-1: Fly out, F7 (Flyball, 78M)
|
Top of the 9th over - 0 run(s), 0 hit(s), 0 error(s), 0 left on base; Glendale 8 - Durham 2 |
BOTTOM OF THE 9TH |
Durham Rapiers batting - Pitching for Glendale Herons : RHP Mike Barrett
|
Batting: RHB Esteban Garza
|
0-0: Ball 1-0: Ball 2-0: Ball 3-0: Base on Balls
|
Batting: RHB Harrison Blackford
|
0-0: Swinging Strike 0-1: Ball 1-1: Foul Ball, location: 2F 1-2: Strikes out swinging
|
Batting: RHB Luis Tapia
|
0-0: Ball 1-0: SINGLE (Line Drive, 8LS) Esteban Garza to second
|
Batting: RHB Augusto Flores
|
0-0: Called Strike 0-1: Ball 1-1: Ball 2-1: Called Strike 2-2: Strikes out looking
|
Batting: SHB Dan Godwin
|
0-0: Ball 1-0: Ball 2-0: Foul Ball, location: 2F 2-1: Fly out, F6 (Popup, 6M)
|
Bottom of the 9th over - 0 run(s), 1 hit(s), 0 error(s), 2 left on base; Glendale 8 - Durham 2 |
|